Map: Orbital Shipyard

Players

Queens

  • Race: Zerg Zerg
  • League: Platinum

jinjinn - Winner!

  • Race: Terran Terran
  • League: Grandmaster

VOD

Have the link to the VOD?

Description

Time

  • Played on: July 19, 2015, 3:45 a.m.
  • Length: 18:35
Show
View Real Time Build Order
Export as new Build Order

Queens Zerg 

Build Orders: Hatch First 

Get SALT Encoding   

  12  0:01  Drone  
  13  0:13  Overlord  
  13  0:18  Drone  
  14  0:31  Drone x2  
  14  0:35  Drone  
  17  0:52  Hatchery  
  17  0:55  Drone  
  17  0:58  Drone  
  18  1:10  Extractor  
  17  1:14  Spawning Pool  
  17  1:16  Drone  
  17  1:20  Drone  
  18  1:31  Drone  
  19  1:45  Overlord  
  19  1:52  Drone  
  20  2:01  Queen  
  20  2:03  Queen  
  20  2:05  Zergling x4  
  26  2:12  Drone  
  27  2:16  Metabolic Boost  
  27  2:19  Drone  
  28  2:25  Drone  
  28  2:27  Drone  
  30  2:36  Overlord, Queen  
  31  2:37  Drone  
  33  2:48  Drone x2  
  35  2:58  Drone x2  
  37  3:05  Drone  
  38  3:09  Overlord  
  38  3:10  Drone x2  
  38  3:11  Drone x2  
  42  3:20  Overlord  
  42  3:21  Drone x2  
  44  3:27  Queen  
  46  3:34  Drone x2  
  46  3:35  Drone x2  
  46  3:41  Hatchery  
  48  3:44  Zergling x2  
  48  3:45  Zergling x2  
  49  3:54  Overlord  
  49  3:59  Zergling x10  
  54  4:05  Baneling Nest  
  53  4:11  Queen  
  53  4:13  Zergling x6  
  57  4:30  Zergling x6  
  57  4:31  Zergling x6  
  61  4:34  Spore Crawler x2  
  61  4:35  Spore Crawler  
  54  4:46  Zergling x2  
  54  4:48  Zergling x8  
  54  4:49  Zergling x4  
  57  4:58  Zergling x2  
  57  4:59  Zergling x2  
  57  5:02  Lair  
  57  5:04  Extractor  
  57  5:05  Baneling  
  57  5:06  Baneling x3  
  56  5:07  Roach Warren  
  56  5:08  Overlord  
  56  5:09  Zergling x2  
  56  5:13  Zergling x2  
  57  5:14  Extractor  
  57  5:17  Baneling  
  53  5:28  Drone  
  53  5:29  Drone x2  
  57  5:35  Drone x2  
  57  5:36  Drone x3  
  57  5:37  Drone x3  
  57  5:42  Drone  
  65  5:45  Drone  
  66  5:54  Extractor  
  65  6:07  Overlord  
  65  6:08  Drone x7  
  65  6:09  Hatchery, Drone x2  
  65  6:10  Glial Reconstitution  
  73  6:13  Queen  
  73  6:18  Evolution Chamber  
  74  6:23  Drone  
  75  6:31  Overlord x3  
  75  6:39  Centrifical Hooks  
  75  6:43  Overlord x3  
  75  6:54  Zerg Missile Weapons Level 1  
  75  7:14  Overlord  
  75  7:15  Drone x3  
  68  7:16  Drone x3  
  68  7:21  Roach  
  74  7:23  Roach x2  
  74  7:25  Roach x2  
  74  7:26  Roach x2  
  74  7:29  Overlord, Drone x3  
  89  7:36  Queen  
  91  7:39  Drone x2  
  91  7:40  Drone  
  94  7:44  Roach x2  
  94  7:45  Extractor x2  
  96  7:53  Overlord  
  96  7:54  Roach x2  
  100  8:09  Overlord, Roach  
  100  8:10  Roach x6  
  100  8:11  Roach x2  
  118  8:22  Overlord, Roach  
  118  8:23  Roach x4  
  118  8:25  Roach  
  130  8:29  Evolution Chamber  
  130  8:30  Drone  
  130  8:31  Drone  
  130  8:32  Roach x2  
  135  8:35  Baneling  
  135  8:36  Baneling x13  
  135  8:37  Hatchery  
  134  8:43  Overlord, Roach x2  
  134  8:44  Roach x4  
  134  8:46  Roach  
  148  8:50  Roach  
  148  8:53  Roach x3  
  156  9:02  Roach x2  
  134  9:06  Roach x6  
  134  9:09  Roach  
  118  9:12  Roach  
  108  9:17  Roach x2  
  108  9:18  Roach x2  
  108  9:22  Roach x2  
  108  9:23  Roach  
  122  9:29  Zerg Missile Weapons Level 2  
  122  9:30  Roach x2  
  126  9:34  Roach  
  110  9:48  Drone x3  
  110  9:49  Queen  
  109  9:57  Roach x5  
  119  10:04  Overlord  
  119  10:05  Roach x5  
  119  10:06  Roach x2  
  133  10:11  Ravager x7  
  140  10:20  Zergling x2  
  140  10:21  Zergling x8  
  145  10:24  Roach x2  
  149  10:31  Roach x3  
  149  10:32  Roach  
  157  10:36  Spine Crawler  
  157  10:39  Spine Crawler  
  157  10:40  Roach x2  
  159  10:48  Overlord  
  159  10:49  Roach x3  
  167  10:50  Roach  
  167  10:51  Ravager x2  
  167  10:52  Ravager  
  167  10:54  Baneling x4  
  167  10:56  Baneling x3  
  170  10:57  Baneling x2  
  170  10:58  Baneling  
  170  11:02  Ravager x3  
  170  11:03  Ravager  
  174  11:05  Roach x2  
  178  11:11  Roach x3  
  178  11:12  Roach  
  178  11:14  Roach  
  178  11:15  Roach  
  190  11:19  Roach x2  
  190  11:20  Roach  
  167  11:48  Roach  
  167  11:49  Roach x4  
  167  11:50  Roach x7  
  151  11:57  Roach x3  
  151  12:01  Roach x7  
  155  12:02  Roach x2  
  155  12:03  Roach  
  155  12:04  Roach  
  155  12:08  Roach x2  
  177  12:21  Zergling x6  
  177  12:22  Zergling x6  
  179  12:34  Roach x2  
  179  12:35  Roach x2  
  164  12:53  Baneling  
  164  12:54  Baneling x11  
  164  12:57  Roach  
  164  12:58  Roach x10  
  178  12:59  Roach x3  
  178  13:02  Extractor  
  178  13:03  Extractor  
  190  13:31  Hatchery, Ravager x4  
  190  13:32  Roach x3  
  141  13:52  Roach  
  141  13:53  Roach x12  
  141  13:54  Roach x9  
  173  13:57  Roach  
  122  14:23  Ravager x6  
  122  14:24  Ravager x2  
  128  14:25  Zergling x2  
  128  14:26  Zergling x18  
  128  14:30  Roach x2  
  128  14:31  Roach x5  
  152  14:33  Roach  
  154  14:44  Zergling x2  
  154  14:45  Zergling x12  
  161  14:52  Roach x2  
  165  15:11  Baneling  
  165  15:12  Baneling x12  
  165  15:13  Baneling x10  
  165  15:14  Baneling  
  165  15:15  Baneling x2  
  165  15:20  Roach  
  120  15:57  Roach  
  120  15:58  Roach  
  120  15:59  Roach x7  
  103  16:33  Hydralisk Den  
  103  16:37  Roach x4  
  103  16:38  Roach x5  
  120  16:46  Ravager x7  
  129  16:47  Ravager x2  
  129  17:02  Roach  
  129  17:03  Roach x6  
  143  17:16  Spine Crawler  
  143  17:17  Roach  
  143  17:18  Roach x3  
  125  17:49  Roach  
  125  17:50  Roach x12  
Show
View Real Time Build Order
Export as new Build Order

jinjinn Terran - Winner!

Build Orders: Hellion Opening, Liberator Opening, Reaper Expand, Mech 

Get SALT Encoding   

  12  0:01  SCV  
  13  0:13  SCV  
  14  0:18  Supply Depot  
  14  0:23  Refinery  
  14  0:28  SCV  
  15  0:40  SCV  
  16  0:46  Barracks  
  16  0:53  SCV  
  17  1:06  SCV  
  18  1:18  SCV  
  19  1:33  Orbital Command  
  19  1:34  Reaper  
  20  1:45  Command Center  
  20  1:55  Factory  
  20  1:59  SCV  
  21  2:06  Barracks Reactor  
  21  2:09  Refinery  
  21  2:12  SCV  
  22  2:22  Supply Depot  
  22  2:24  SCV  
  23  2:43  SCV  
  24  2:50  Starport  
  24  2:56  SCV  
  24  2:57  Hellion x2, Marine  
  30  3:01  Orbital Command  
  30  3:08  SCV  
  30  3:12  Liberator  
  35  3:20  SCV, Hellion x2  
  35  3:21  Marine  
  37  3:32  SCV  
  41  3:40  Supply Depot  
  41  3:47  Hellion x2, Marine  
  46  3:51  Armory  
  46  4:02  SCV  
  47  4:04  SCV, Supply Depot  
  47  4:09  Hellion x2  
  52  4:10  Marine  
  52  4:11  Liberator  
  53  4:29  SCV, Marine  
  53  4:30  SCV  
  57  4:36  Command Center  
  56  4:49  Hellion  
  56  4:50  Hellion  
  60  4:53  SCV  
  60  4:54  SCV  
  62  5:02  Barracks Reactor  
  62  5:05  Supply Depot  
  62  5:06  Terran Vehicle Weapons Level 1  
  62  5:07  Engineering Bay  
  62  5:09  Refinery x2  
  62  5:10  Supply Depot  
  62  5:17  Supply Depot  
  62  5:27  SCV x2, Hellion x2  
  68  5:32  Factory  
  68  5:35  Factory  
  68  5:39  SCV  
  69  5:43  Liberator x2  
  69  5:49  SCV  
  70  5:51  Barracks Tech Lab  
  70  5:52  SCV  
  77  6:07  Supply Depot, Refinery, Missile Turret  
  78  6:11  SCV x2  
  78  6:12  Refinery  
  79  6:19  Orbital Command  
  79  6:23  SCV x2  
  81  6:31  Siege Tank  
  81  6:32  Factory Tech Lab  
  84  6:35  SCV x2  
  84  6:39  Hellion x2  
  90  6:47  SCV, Viking x2  
  90  6:50  SCV x2  
  97  6:59  SCV, Infernal Pre-Igniter  
  98  7:12  Hellion x2, Siege Tank  
  105  7:22  Siege Tank  
  108  7:23  SCV  
  108  7:27  SCV, Viking x2  
  108  7:28  Terran Vehicle Weapons Level 2  
  108  7:29  SCV, Supply Depot  
  115  7:30  Supply Depot  
  115  7:35  SCV  
  116  7:39  Supply Depot x2  
  116  7:40  SCV  
  117  7:44  SCV  
  117  7:45  Hellion  
  117  7:47  SCV, Siege Tank  
  124  7:52  SCV  
  124  7:57  SCV, Barracks Reactor  
  126  7:59  SCV  
  126  8:00  Factory  
  126  8:03  Hellion  
  126  8:04  SCV, Viking  
  132  8:09  SCV  
  132  8:10  Hellion  
  132  8:11  SCV  
  136  8:16  Siege Tank  
  139  8:22  SCV, Factory, Fusion Core  
  139  8:23  SCV  
  141  8:29  Hellion  
  143  8:39  SCV x2  
  145  8:44  Command Center  
  145  8:49  Starport Tech Lab  
  131  9:05  Hellion x2, Siege Tank x2  
  120  9:16  Unknown  
  120  9:19  SCV x2  
  120  9:22  Factory Tech Lab  
  115  9:39  Hellion x2, Siege Tank x2  
  104  9:55  SCV x2  
  104  9:57  Hellion x2, Siege Tank  
  110  10:05  Hellion x2  
  110  10:06  Terran Vehicle Weapons Level 3  
  114  10:10  Unknown  
  114  10:11  Cyclone  
  114  10:13  Cyclone  
  120  10:15  SCV, Viking x2  
  120  10:16  SCV  
  126  10:28  Planetary Fortress  
  126  10:30  SCV x2  
  126  10:33  Hellion x3  
  126  10:34  Hellion  
  136  10:38  Missile Turret  
  136  10:39  Missile Turret x2  
  136  10:41  Command Center  
  136  10:42  Missile Turret  
  136  10:44  Cyclone x2  
  136  10:47  Factory  
  136  10:48  Missile Turret  
  136  10:49  Missile Turret  
  142  10:54  Armory  
  142  10:55  Hellion x2  
  142  10:56  Hellion, Viking x2  
  152  11:01  Cyclone  
  155  11:06  Refinery  
  155  11:08  Refinery  
  155  11:15  Hellion  
  157  11:27  Hellion x2, Siege Tank, Cyclone, Missile Turret  
  157  11:29  Missile Turret x2  
  167  11:32  Missile Turret  
  155  11:47  Hellion x3, Siege Tank  
  128  11:59  Hellion x2, Siege Tank x2  
  128  12:12  Command Center  
  128  12:17  Siege Tank  
  128  12:18  Hellion x2  
  135  12:28  Supply Depot  
  135  12:29  Supply Depot  
  137  12:30  Hellion x2, Siege Tank, Sensor Tower  
  134  12:49  Liberator x2  
  134  12:50  Siege Tank  
  134  12:51  Cyclone x2  
  139  12:57  Hellion  
  139  12:58  Hellion x3  
  147  13:02  Siege Tank  
  147  13:04  Command Center x2  
  156  13:23  Command Center  
  156  13:32  Siege Tank x3  
  156  13:33  Hellion x2  
  169  13:34  Cyclone  
  130  14:04  Siege Tank  
  127  14:10  Hellion, Siege Tank x2  
  127  14:11  Hellion  
  140  14:17  Hellion  
  140  14:36  Siege Tank  
  143  14:41  Cyclone  
  143  14:42  Cyclone  
  143  14:43  Cyclone, Refinery  
  143  14:44  Refinery  
  149  14:46  Planetary Fortress  
  149  14:55  Hellion x2  
  153  15:00  Hellion  
  153  15:01  Hellion  
  157  15:27  Siege Tank x3  
  157  15:28  Hellion x2  
  164  15:40  Siege Tank  
  164  15:41  Hellion  
  123  15:52  Hellion x3  
  129  15:57  Orbital Command  
  129  15:59  Siege Tank x3  
  131  16:18  Siege Tank  
  131  16:19  Hellion x4  
  139  16:27  SCV x2  
  139  16:28  SCV  
  139  16:29  Terran Vehicle And Ship Armor Level 1, Terran Ship Weapons Level 1  
  139  16:31  Siege Tank  
  145  16:34  Siege Tank x2  
  151  16:43  Planetary Fortress  
  151  16:47  Planetary Fortress  
  153  16:54  Hellion x2  
  153  16:55  Siege Tank, Missile Turret  
  153  16:56  Hellion  
  160  17:10  Siege Tank x2  
  166  17:17  Siege Tank  
  166  17:18  Hellion x3  
  175  17:28  Liberator  
  175  17:29  Siege Tank  
  161  17:44  Hellion, Siege Tank x2  
  161  17:45  Hellion x2  
  155  18:10  SCV x2  
Tags
 
Add a new tag
Caveats
  • Supply blocks, unpowered buildings, or Contaminate may cause inaccurate times.
  • Supply counts are checked every 10 seconds.